 Dungeon Crawl Stone Soup version 0.25.1-2-g60ff931df9 (webtiles) character file.

Game seed: 3570109420677929763

1832 Martska the Skirmisher (level 9, -6/84 HPs)
             Began as a Naga Fighter on Aug 13, 2020.
             Was an Initiate of Cheibriados.
             Mangled by a hog (10 damage)
             ... on level 7 of the Dungeon.
             The game lasted 00:13:49 (7899 turns).

Martska the Skirmisher (Naga Fighter)               Turns: 7899, Time: 00:13:49

Health: -6/84      AC:  9    Str: 19    XL:     9   Next: 11%
Magic:  7/13       EV:  7    Int: 13    God:    Cheibriados [......]
Gold:   363        SH:  9    Dex: 12    Spells: 12/14 levels left

rFire    . . .     SeeInvis +   a - +0 trident
rCold    . . .     Gourm    .   c - +0 kite shield
rNeg     + . .     Faith    .   b - +0 scale mail
rPois    +         Spirit   .   y - +0 helmet
rElec    .         Reflect  .   t - +1 cloak
rCorr    .         Harm     .   (no gloves)
MR       +....                  (no barding)
Stlth    ..........             q - amulet of the acrobat
HPRegen  0.24/turn              i - ring of see invisible
MPRegen  0.13/turn              B - ring of positive energy

@: very slightly contaminated, very slow
A: large, see invisible, deformed body, poison resistance, slowness 2, slow
metabolism 1, spit poison 1, AC +3
a: Spit Poison, Bend Time, Renounce Religion


You were on level 7 of the Dungeon.
You worshipped Cheibriados.
Cheibriados was noncommittal.
You were not hungry.

You visited 2 branches of the dungeon, and saw 8 of its levels.

You collected 363 gold pieces.

Inventory:

Hand Weapons
 a - a +0 trident (weapon)
Armour
 b - a +0 scale mail (worn)
 c - a +0 kite shield (worn)
 t - a +1 cloak (worn)
 y - a +0 helmet (worn)
Jewellery
 i - a ring of see invisible (left hand)
 q - an amulet of the acrobat (around neck)
 B - a ring of positive energy (right hand)
Wands
 k - a wand of flame (33)
 v - a wand of disintegration (8)
Scrolls
 j - 2 scrolls of immolation
 m - 2 scrolls of teleportation
 r - 3 scrolls of remove curse
 u - 3 scrolls of identify
 w - a scroll of magic mapping {unknown}
 x - a scroll of enchant weapon {unknown}
 z - 2 scrolls of vulnerability {unknown}
Potions
 d - a potion of invisibility {unknown}
 e - 3 potions of resistance
 g - a potion of berserk rage {unknown}
 h - 2 potions of haste {unknown}
 l - 2 potions of degeneration
 n - 6 potions of curing {unknown}
 o - a potion of heal wounds {unknown}
 p - 5 potions of stabbing {unknown}
 s - 2 potions of brilliance {unknown}
Comestibles
 f - 12 rations


   Skills:
 * Level 6.3 Fighting
 * Level 5.8 Polearms
 - Level 2.4 Armour
 * Level 4.4 Dodging
 + Level 3.9 Shields
 - Level 3.0 Spellcasting
 * Level 2.1 Translocations
 * Level 2.2 Invocations


You had 12 spell levels left.
You knew the following spells:

 Your Spells              Type           Power        Failure   Level  Hunger
a - Blink                 Tloc           N/A          78%         2    ###....

Your spell library contained the following spells:

 Spells                   Type           Power        Failure   Level  Hunger
 Magic Dart               Conj           #...         90%         1    #......
 Call Imp                 Summ           #.......     97%         2    ###....
 Slow                     Hex            #.......     97%         2    ###....
 Conjure Flame            Conj/Fire      #.......     99%         3    ###....
 Mephitic Cloud           Conj/Pois/Air  #.......     99%         3    ###....


Dungeon Overview and Level Annotations

Branches:
Dungeon (7/15)             Temple (1/1) D:4

Altars:
Cheibriados
Dithmenos
Elyvilon
Fedhas
Gozag
Hepliaklqana
Kikubaaqudgha
Nemelex Xobeh
Qazlal
Ru
Trog
Uskayaw
Vehumet
Wu Jian
Xom
Yredelemnul
Zin
The Shining One


Innate Abilities, Weirdness & Mutations

You cannot wear boots.
Your serpentine skin is tough. (AC +3)
You have supernaturally acute eyesight. (SInv)
Armour fits poorly on your strangely shaped body.
Your system is resistant to poisons. (rPois)
You cover ground very slowly.
You have a slow metabolism.
You can spit poison.


Message History

You block the hog's attack. The hog bites you but does no damage.
The hog bites you. The hog bites you but does no damage.
You puncture the hog!
The hog is heavily wounded.
The hog bites you.
* * * LOW HITPOINT WARNING * * *
The hog bites you but does no damage. The flow of time bends around you.
Cheibriados rebukes the hog.
The hog seems to slow down.
The hog resists with some effort.
You feel slightly more hungry. The hog bites you!
* * * LOW HITPOINT WARNING * * *
You block the hog's attack. The hog bites you!
* * * LOW HITPOINT WARNING * * *
Casting: Blink (dangerous; 78% risk of failure)
Confirm with . or Enter, or press ? or * to list all spells.
You miscast Blink.
You are very lightly contaminated with residual magic.
Nothing appears to happen.
The hog bites you!
You die...

......#.........####...##.#
#.###.##.......## ##.## #
#####.###.....## #...
......# ##.....## #####
####### ##'##..# #.###.##
#.# #..## ##.# #...# ##.##
##@## #..#..#hh#
###.#..#.h#
########...#..'..#
.........#.#..#.%#
##########.#..#%%#
#########


You could see 3 hogs.

Vanquished Creatures
  A hippogriff (D:7)
  Sigmund (D:2)
  A human (D:7)
  A hog (D:7)
  A sky beast (D:6)
  A phantom (D:4)
  A centaur (D:4)
  2 ogres
  A bullfrog (D:6)
  A scorpion (D:7)
  A howler monkey (D:4)
  A jelly (D:6)
  2 crimson imps
  4 hounds
  A centaur skeleton (D:4)
  2 iguanas
  3 orc wizards (D:3)
  2 worker ants
  6 adders
  A gnoll (D:1)
  2 shadow imps
  2 oozes
  2 worms (D:2)
  2 dart slugs
  3 leopard geckos
  12 orcs
  A giant cockroach (D:1)
  6 goblins
  8 hobgoblins
  6 jackals
  2 quokkas (D:3)
  10 bats
  A jackal skeleton (D:4)
  6 kobolds
  12 rats
109 creatures vanquished.

Notes
Turn   | Place    | Note
-------+----------+-------------------------------------------
     0 | D:1      | Martska the Naga Fighter began the quest for the Orb.
     0 | D:1      | Reached XP level 1. HP: 21/21 MP: 1/1
   376 | D:1      | Reached XP level 2. HP: 18/28 MP: 2/2
   822 | D:1      | Reached XP level 3. HP: 19/34 MP: 3/3
  1267 | D:2      | Reached skill level 1 in Dodging
  1843 | D:2      | Noticed Sigmund
  2149 | D:2      | Reached XP level 4. HP: 36/42 MP: 5/5
  2208 | D:2      | Reached skill level 1 in Spellcasting
  2478 | D:2      | Killed Sigmund
  2478 | D:2      | Reached skill level 4 in Fighting
  2478 | D:2      | Reached XP level 5. HP: 24/50 MP: 0/7
  2729 | D:2      | Found a glowing silver altar of Zin.
  2736 | D:2      | Found a hide-covered altar of Uskayaw.
  2743 | D:2      | Found a radiant altar of Vehumet.
  2750 | D:2      | Found an ornate altar of the Wu Jian Council.
  2757 | D:2      | Found a sacrificial altar of Ru.
  2764 | D:2      | Found a blossoming altar of Fedhas.
  2769 | D:2      | Found a sparkling altar of Nemelex Xobeh.
  2893 | D:3      | Reached XP level 6. HP: 55/57 MP: 8/8
  4142 | D:4      | Reached XP level 7. HP: 61/66 MP: 8/10
  4501 | D:4      | Reached skill level 5 in Fighting
  5084 | D:4      | Reached XP level 8. HP: 43/74 MP: 11/11
  5322 | D:4      | Found a staircase to the Ecumenical Temple.
  5334 | Temple   | Entered the Ecumenical Temple
  5363 | Temple   | Became a worshipper of Cheibriados the Contemplative
  5460 | D:5      | Entered Level 5 of the Dungeon
  5481 | D:5      | Found a stormy altar of Qazlal.
  6193 | D:6      | Reached skill level 5 in Polearms
  7180 | D:6      | Learned a level 2 spell: Blink
  7618 | D:7      | Noticed a hippogriff
  7637 | D:7      | Killed a hippogriff
  7637 | D:7      | Reached skill level 6 in Fighting
  7637 | D:7      | Reached skill level 1 in Translocations
  7637 | D:7      | Reached skill level 1 in Invocations
  7885 | D:7      | Reached XP level 9. HP: 56/82 MP: 10/13
  7898 | D:7      | HP: 4/84 [hog (9)]
  7899 | D:7      | Mangled by a hog

Illustrated notes

Levels and vault maps discovered:
D:1:      eino_arrival_water_star, layout_loops_ring
D:2:      layout_loops_cross, grunt_temple_overflow_octagram,
          minmay_rat_gold_closets, uniq_sigmund
D:3:      layout_rooms
D:4:      minmay_angry_zag, layout_loops_ring, temple_statues
D:5:      layout_rooms, first_ration, fountainhead,
          nicolae_qazlal_general_emergency
D:6:      layout_basic, mrwooster_statue_mirror
D:7:      layout_loops_corners, grunt_livestock
Temple:   regret_index_temple_waves

Skill      XL: |  1  2  3  4  5  6  7  8  9 |
---------------+----------------------------+-----
Dodging        | 1 2 3 4 |  4.4
Spellcasting   | 1 2 3 |  3.0
Fighting       | 4 5 6 |  6.3
Polearms       | 3 4 5 |  5.8
Shields        | 3 |  3.9
Translocations | 1 2 |  2.1
Invocations    | 2 |  2.2
Armour         | |  2.4

Action                   |  1- 3 |  4- 6 |  7- 9 || total
-------------------------+-------+-------+-------++-------
Melee: Trident           |   140 |   149 |   303 ||   592
Invok: Bend Time         |       |       |     5 ||     5
 Abil: Spit Poison       |     1 |     4 |     6 ||    11
  Use: Scroll            |     1 |     2 |     2 ||     5
       Potion            |       |     1 |       ||     1
  Eat: Chunk             |     2 |     3 |     5 ||    10
       Ration            |       |     1 |     2 ||     3
Armor: Scale mail        |    49 |    47 |   135 ||   231
Dodge: Dodged            |    34 |    48 |   104 ||   186
Block: Kite shield       |    58 |    62 |   148 ||   268
